 Dungeon Crawl Stone Soup version 0.32-a0-292-g751ec8d2e7 (webtiles) character file.

Game seed: 4487292406130075267

1560887 EnegeticOcto the Master Archer (level 24, 149/160 HPs)
             Began as a Deep Elf Monk on Feb 14, 2024.
             Was the Champion of Nemelex Xobeh.
             Escaped with the Orb
             ... and 3 runes!
             The game lasted 02:44:04 (71590 turns).

EnegeticOcto the Master Archer (Deep Elf Monk)     Turns: 71590, Time: 02:44:04

Health: 149/160    AC: 24    Str: 17 (18) XL:     24   Next: 0%
Magic:  48/50      EV: 61    Int: 19      God:    Nemelex Xobeh [******]
Gold:   784        SH:  8    Dex: 45      Spells: 52/65 levels left

rFire   + . .        G - +8 longbow "Zephyr" {speed, Dex+3 SInv}
rCold   . . .        (shield currently unavailable)
rNeg    + + .        j - +7 faerie dragon scales {^Contam rPois rC- rCorr Str+8}
rPois   +            Y - +1 helmet of Wecegrule {rElec rN++ Dex+4}
rElec   +            H - scarf {rC+ rF+}
rCorr   +            z - +2 pair of gloves
SInv    +            E - +3 pair of boots of Good Intentions {+Blink Dex+3}
Will    +++..        M - brooch of Shielding {Spirit SH+8}
Stlth   ++           y - ring "Etoixkaku" {EV+5 Str+3}
HPRegen 0.46/turn    Q - +6 ring of dexterity {=R}
MPRegen 0.32/turn

%: guardian spirit
@: studying 2 skills
A: talons 1, agile 1, deterioration 1, strong-willed 1, MP-powered wands
0: Orb of Zot
}: 3/15 runes: serpentine, barnacled, silver
a: Renounce Religion, Evoke Blink, Draw Escape, Draw Destruction, Draw
Summoning, Draw Stack, Triple Draw, Deal Four, Stack Five


You escaped.
You worshipped Nemelex Xobeh.
Nemelex Xobeh was exalted by your worship.
You visited 9 branches of the dungeon, and saw 47 of its levels.
You visited the Abyss 1 time.
You visited 3 bazaars.
You also visited: Bailey, Ice Cave and Wizlab.

You collected 10105 gold pieces.
You spent 9321 gold pieces at shops.

Inventory:

Hand Weapons
 p - the +6 arbalest "Luxtu" {penet, rElec rN+ Int-3}
   (You found it on level 1 of the Snake Pit)

   Int-3:     It affects your intelligence (-3).
   rElec:     It insulates you from electricity.
   rN+:       It protects you from negative energy.
 G - the +8 longbow "Zephyr" (weapon) {speed, Dex+3 SInv}
   (You bought it in a shop on level 2 of the Dungeon)

   Dex+3:     It affects your dexterity (+3).
   SInv:      It lets you see invisible.
 V - a +0 short sword of distortion
   (You found it on level 12 of the Dungeon)
Missiles
 N - 2 throwing nets {!f}
 T - 3 curare-tipped darts
Armour
 j - the +7 faerie dragon scales (worn) {^Contam rPois rC- rCorr Str+8}
   (You found it on level 4 of the Depths)

   Str+8:     It affects your strength (+8).
   rC-:       It makes you vulnerable to cold.
   rPois:     It protects you from poison ^Contam: It causes magical
   contamination when unequipped.
   rCorr:     It protects you from acid and corrosion.
 z - a +2 pair of gloves (worn)
   (You found it on level 9 of the Dungeon)
 E - the +3 pair of boots of Good Intentions (worn) {+Blink Dex+3}
   (You bought it in a shop on level 3 of the Vaults)

   Dex+3:     It affects your dexterity (+3).
   +Blink:    It lets you blink.
 H - a scarf of resistance (worn)
   (You found it on level 1 of the Lair of Beasts)
 Y - the +1 helmet of Wecegrule (worn) {rElec rN++ Dex+4}
   (You bought it in a shop on level 2 of the Snake Pit)

   Dex+4:     It affects your dexterity (+4).
   rElec:     It insulates you from electricity.
   rN++:      It greatly protects you from negative energy.
Jewellery
 y - the ring "Etoixkaku" (left hand) {EV+5 Str+3}
   (You found it on level 4 of the Shoals)

   [ring of evasion]

   EV+5:      It affects your evasion (+5).
   Str+3:     It affects your strength (+3).
 I - a ring of protection from cold
   (You bought it in a shop on level 2 of the Orcish Mines)
 J - a ring of willpower
   (You found it on level 4 of the Shoals)
 M - the brooch of Shielding (around neck) {Spirit SH+8}
   (You found it on level 1 of the Vaults)

   [amulet of guardian spirit]

   Spirit:    It causes incoming damage to be divided between your reserves of
   health and magic.
   SH+8:      It affects your SH (+8).
 P - a ring of flight
   (You found it in a bazaar)
 Q - a +6 ring of dexterity (right hand) {=R}
   (You found it on level 4 of the Lair of Beasts)
Wands
 a - a wand of roots (30) {@v2}
   (You found it on level 9 of the Dungeon)
 v - a wand of mindburst (10)
   (You found it on level 3 of the Elven Halls)
 K - a wand of flame (59) {@v4}
   (You found it on level 2 of the Lair of Beasts)
 S - a wand of polymorph (24)
   (You found it on level 5 of the Lair of Beasts)
 W - a wand of charming (78)
   (You took it off Maurice on level 2 of the Orcish Mines)
 Z - a wand of acid (4) {@v1}
   (You found it on level 3 of the Realm of Zot)
Scrolls
 b - 5 scrolls of enchant armour
 d - 5 scrolls of vulnerability
 f - 14 scrolls of teleportation {@r3 !r}
 g - 2 scrolls of blinking {@r4}
 n - 8 scrolls of poison {!r}
 o - 4 scrolls of immolation
 q - 10 scrolls of fog {!r}
 s - 2 scrolls of torment
 C - 4 scrolls of revelation {@r5 !r}
 D - 5 scrolls of summoning {!r}
 O - 10 scrolls of fear {!r}
 X - 2 scrolls of silence {!r}
Potions
 c - 6 potions of ambrosia
 e - 16 potions of mutation
 h - 29 potions of curing {@q1 !q}
 i - 7 potions of might {@q3 !q}
 k - 3 potions of invisibility
 l - 4 potions of attraction
 r - 9 potions of haste {@q4 !q}
 u - 2 potions of resistance
 w - 7 potions of magic
 x - 3 potions of cancellation
 A - 6 potions of lignification {@q6}
 B - 8 potions of brilliance
 F - 8 potions of enlightenment
 L - 11 potions of heal wounds {@q2 !q}
 R - 4 potions of berserk rage
Miscellaneous
 m - a condenser vane
   (You found it on level 9 of the Dungeon)
 t - a sack of spiders
   (You bought it in a shop in a bazaar)
 U - a phial of floods
   (You found it on level 1 of the Shoals)


   Skills:
 - Level 19.0 Fighting
 - Level 2.6 Long Blades
 O Level 27 Ranged Weapons
 - Level 6.0 Armour
 - Level 26.9 Dodging
 - Level 6.0 Stealth
 + Level 21.2 Spellcasting
 - Level 4.0 Translocations
 - Level 10.0 Invocations
 - Level 12.0 Evocations


You had 52 spell levels left.
You knew the following spells:

 Your Spells              Type           Power      Damage    Failure   Level
a - Apportation           Tloc           70%        N/A       1%          1
b - Dispersal             Tloc           17%        N/A       67%         6
H - Cause Fear            Hex            10%        N/A       30%         4
Y - Blink                 Tloc           70%        N/A       1%          2

Your spell library contained the following spells:

 Spells                   Type           Power      Damage    Failure   Level
 Lesser Beckoning         Tloc           70%        N/A       1%          2
 Gell's Gravitas          Tloc           35%        N/A       1%          3
 Teleport Other           Tloc           35%        N/A       1%          3
 Freeze                   Ice            80%        1d9       3%          1
 Kiss of Death            Conj/Necr      80%        2d11      3%          1
 Magic Dart               Conj           80%        1d7       3%          1
 Necrotise                Necr           80%        1d8       3%          1
 Slow                     Hex            80%        N/A       3%          1
 Sting                    Conj/Alch      80%        1d8       3%          1
 Summon Small Mammal      Summ           80%        N/A       3%          1
 Call Imp                 Summ           40%        N/A       4%          2
 Cigotuvi's Dreadful Rot  Necr/Alch/Air  40%        N/A       4%          2
 Ensorcelled Hibernation  Hex/Ice        40%        N/A       4%          2
 Jinxbite                 Hex            40%        N/A       4%          2
 Static Discharge         Conj/Air       40%        3-5/arc   4%          2
 Sublimation of Blood     Necr           20%        N/A       4%          2
 Volatile Blastmotes      Fire/Tloc      54%        2d14      4%          3
 Manifold Assault         Tloc           35%        N/A       6%          4
 Passage of Golubria      Tloc           35%        N/A       6%          4
 Call Canine Familiar     Summ           20%        N/A       10%         3
 Confusing Touch          Hex            20%        N/A       10%         3
 Dazzling Flash           Conj/Hex       40%        N/A       10%         3
 Frozen Ramparts          Ice            40%        1d7       10%         3
 Fugue of the Fallen      Necr           20%        N/A       10%         3
 Hailstorm                Conj/Ice       20%        3d7       10%         3
 Inner Flame              Hex/Fire       20%        N/A       10%         3
 Mephitic Cloud           Conj/Alch/Air  20%        N/A       10%         3
 Ozocubu's Armour         Ice            20%        N/A       10%         3
 Passwall                 Erth           20%        N/A       10%         3
 Sigil of Binding         Hex            20%        N/A       10%         3
 Stone Arrow              Conj/Erth      40%        3d9       10%         3
 Summon Ice Beast         Ice/Summ       20%        N/A       10%         3
 Swiftness                Air            20%        N/A       10%         3
 Tukima's Dance           Hex            20%        N/A       10%         3
 Vampiric Draining        Necr           20%        2d7       10%         3
 Vhi's Electric Charge    Tloc/Air       54%        N/A       14%         4
 Airstrike                Air            10%        2d(2-18)  30%         4
 Anguish                  Hex/Necr       10%        N/A       30%         4
 Animate Armour           Summ/Erth      40%        N/A       30%         4
 Brom's Barrelling Bould  Conj/Erth      20%        2d4       30%         4
 Dispel Undead            Necr           20%        3d11      30%         4
 Ignite Poison            Fire/Alch      20%        N/A       30%         4
 Leda's Liquefaction      Alch/Erth      10%        N/A       30%         4
 Martyr's Knell           Necr/Summ      20%        N/A       30%         4
 Olgreb's Toxic Radiance  Alch           20%        N/A       30%         4
 Petrify                  Alch/Erth      20%        N/A       30%         4
 Sticky Flame             Fire/Alch      20%        2d6       30%         4
 Summon Blazeheart Golem  Fire/Summ      20%        N/A       30%         4
 Summon Lightning Spire   Summ/Air       20%        N/A       30%         4
 Summon Forest            Summ/Tloc      13%        N/A       36%         5
 Alistair's Intoxication  Alch           13%        N/A       65%         5
 Arcjolt                  Conj/Air       10%        1d20      65%         5
 Borgnjor's Vile Clutch   Necr/Erth      10%        N/A       65%         5
 Curse of Agony           Necr           20%        N/A       65%         5
 Fireball                 Conj/Fire      10%        3d6       65%         5
 Freezing Cloud           Conj/Ice/Air   10%        6-21      65%         5
 Irradiate                Conj/Alch      10%        3d15      65%         5
 Iskenderun's Battlesphe  Conj           20%        2d7       65%         5
 Lee's Rapid Deconstruct  Erth           10%        3d8*      65%         5
 Metabolic Englaciation   Hex/Ice        10%        N/A       65%         5
 Silence                  Hex/Air        10%        N/A       65%         5
 Summon Mana Viper        Hex/Summ       20%        N/A       65%         5
 Yara's Violent Unravell  Hex/Alch       10%        3d6       65%         5
 Bombard                  Conj/Erth      10%        9d2       99%         6
 Conjure Ball Lightning   Conj/Air       10%        3x3d6     99%         6
 Death Channel            Necr           10%        N/A       99%         6
 Eringya's Noxious Bog    Alch           10%        4d6       99%         6
 Sculpt Simulacrum        Ice/Alch       10%        N/A       99%         6
 Summon Cactus Giant      Summ           10%        N/A       99%         6
 Enfeeble                 Hex            10%        N/A       100%        7
 Haunt                    Necr/Summ      10%        N/A       100%        7
 Malign Gateway           Summ/Tloc      13%        N/A       100%        7
 Monstrous Menagerie      Summ           10%        N/A       100%        7
 Orb of Destruction       Conj           10%        9d6       100%        7
 Summon Hydra             Summ           10%        N/A       100%        7
 Borgnjor's Revivificati  Necr           10%        N/A       100%        8
 Discord                  Hex            10%        N/A       100%        8
 Disjunction              Tloc           17%        N/A       100%        8
 Ignition                 Fire           10%        3d5       100%        8
 Infestation              Necr           10%        N/A       100%        8
 Lehudib's Crystal Spear  Conj/Erth      10%        10d4      100%        8
 Maxwell's Capacitive Co  Air            10%        ∞         100%        8
 Summon Horrible Things   Summ           10%        N/A       100%        8
 Chain Lightning          Conj/Air       10%        3d13      100%        9
 Death's Door             Necr           10%        N/A       100%        9
 Dragon's Call            Summ           10%        N/A       100%        9
 Fire Storm               Conj/Fire      10%        8d3       100%        9
 Shatter                  Erth           10%        3d11*     100%        9


Dungeon Overview and Level Annotations

Branches:
Dungeon (15/15)            Temple (0/1) D:6            Lair (5/5) D:10
 Shoals (4/4) Lair:2        Snake (4/4) Lair:2        Slime (0/5) Lair:5
    Orc (2/2) D:12            Elf (3/3) Orc:2        Vaults (5/5) D:14
  Crypt (0/3) Vaults:3     Depths (4/4) D:15            Zot (5/5) Depths:4
 Bailey (visited)           IceCv (visited)          WizLab (visited)

Altars:
Dithmenos
Hepliaklqana
Kikubaaqudgha
Makhleb
Nemelex Xobeh
Qazlal
Ru
Sif Muna
Trog
Vehumet
Wu Jian
Yredelemnul

Shops:
D:2 *   D:8 !   Orc:1 (   Orc:2 **!=!   Elf:2 :   Shoals:1 *!:(?   Snake:2 [[=*
Vaults:3 *

Portals:
Hell: Depths:1 Depths:2 Depths:3 Depths:4
Abyss: Depths:3
Pandemonium: Depths:2 Depths:4
Ziggurat: Depths:4

Annotations:
Shoals:2 3 runed translucent doors, exclusion: 3 doors, Nikola; ghhjgh's ghost, adept MiFi
Snake:2 Roxanne
Elf:2 3 runed translucent doors, exclusion: 3 doors
Depths:2 1 exclusion
Zot:4 Uqizxu's ghost, master OnFi


Innate Abilities, Weirdness & Mutations

You have sharp toenails.
You are agile. (Dex +4, Str/Int -1)
Your body sometimes deteriorates upon taking damage.
You are strong-willed. (Will+)
You expend magic power (3 MP) to strengthen your wands.


Message History

(Z) Zot
Where to? (Tab/Enter - D:1 @ (x,y), ? - help)
A toenail golem comes into view.
Unknown command.
Unknown command.
Unknown command.
You shoot an arrow. The arrow hits the toenail golem!!
The toenail golem is moderately damaged.
You shoot an arrow. The arrow hits the toenail golem!!
The toenail golem is severely damaged.
You shoot an arrow. The arrow hits the toenail golem!
The toenail golem is almost destroyed.
You shoot an arrow. The arrow hits the toenail golem!!!
You destroy the toenail golem!
No target in view!
(D) Dungeon (T) Temple (L) Lair (A) Shoals (P) Snake Pit (M) Slime Pits (O) Orcish Mines (E) Elven Halls (V) Vaults (C) Crypt (U) Depths (H) Hell (Z) Zot
Where to? (Tab/Enter - D:1 @ (x,y), ? - help)
There is a stone staircase leading up here.
You climb upwards.
There is a stone staircase leading down here.
There is a stone staircase leading up here.
You climb upwards.
There is a stone staircase leading down here.
An orange demon comes into view.
Unknown command.
Unknown command.
Unknown command.
Unknown command.
You shoot an arrow. The arrow hits the orange demon!!!
The orange demon is almost dead.
You shoot an arrow. The arrow hits the orange demon!!
You kill the orange demon!
No target in view!
(D) Dungeon (T) Temple (L) Lair (A) Shoals (P) Snake Pit (M) Slime Pits (O) Orcish Mines (E) Elven Halls (V) Vaults (C) Crypt (U) Depths (H) Hell (Z) Zot
Where to? (Tab/Enter - D:1 @ (x,y), ? - help)
There is a stone staircase leading up here.
You climb upwards.
There is a stone staircase leading down here.
Magic restored.
There is an open door, spattered with blood here.
You see here a frilled lizard skeleton.
A lorocyproca comes into view.
Unknown command.
Unknown command.
You shoot an arrow.
The arrow closely misses the lorocyproca.
You shoot an arrow. The arrow hits the lorocyproca!
The lorocyproca is moderately wounded.
You shoot an arrow. The arrow hits the lorocyproca!!
The lorocyproca is heavily wounded.
You shoot an arrow.
The arrow closely misses the lorocyproca.
You shoot an arrow. The arrow hits the lorocyproca!!!
You kill the lorocyproca!
No target in view!
No target in view!
(D) Dungeon (T) Temple (L) Lair (A) Shoals (P) Snake Pit (M) Slime Pits (O) Orcish Mines (E) Elven Halls (V) Vaults (C) Crypt (U) Depths (H) Hell (Z) Zot
Where to? (Tab/Enter - D:1 @ (x,y), ? - help)
There is an open door here.
An efreet comes into view.
It is wielding a +0 scimitar of flaming.
The efreet gestures at you. The bolt of fire misses you.
Unknown command.
Unknown command.
You shoot an arrow. The arrow hits the efreet!
The efreet is lightly wounded.
You shoot an arrow. The arrow barely misses the efreet.
No target in view!
No target in view!
No target in view!
There is an open door here.
You shoot an arrow. The arrow hits the efreet.
The efreet is moderately wounded.
You shoot an arrow. The arrow hits the efreet!!
The efreet is almost dead.
The efreet gestures at you. The bolt of fire misses you.
You shoot an arrow.
The arrow hits the efreet but does no damage.
The efreet is almost dead.
You shoot an arrow. The arrow completely misses the efreet.
The efreet gestures at you.
The fireball explodes!
The fireball engulfs you! You resist.
The fireball engulfs the efreet.
The efreet completely resists.
You shoot an arrow. The arrow hits the efreet!!
You kill the efreet!
You have reached level 24!
You feel clever.
You see here a +0 scimitar of flaming.
There is a staircase leading out of the dungeon here.
You have escaped!

#..#....########.########......##
#.÷#...## ###.......### ##.....##
...#..## ##...........## ##....##
##.#..# ##....#####....## #...###
##.#..# #...#########...# #......
#..#.####..##.......##..####.####
#.##.# #...#..##'##..#...# #.# #
#.##.# #..##.##.).##.##..# #.####
#.##.# #..##.##.@.##.##..# #....#
#>##.# #..##.##...##.##..# #....#
#.##.# #...#..#####..#...# #..#.#
#.##.####..##.......##..####.##.#
#.##..# #...####.####...# #..##.#
#.##..# ##....##'##....## #..##.#
#.....## ##...........## ##..##.#
####...## ###.......### ##...##.#
#....#################..)....#


There were no monsters in sight!

Vanquished Creatures
  A dread lich (Vaults:5)
  Boris (twice) (Vaults:4 Depths:3)
  Bai Suzhen (Snake:3)
  Margery (Vaults:5)
  4 golden dragons
  A mutant beast (WizLab)
  A Brimstone Fiend (Depths:1)
  Jorgrun (Orc:2)
  A hellephant (Vaults:5)
  6 tentacled monstrosities
  2 quicksilver dragons
  4 deep elf blademasters (Elf:3)
  12 Orb Guardians
  6 titans (Vaults:5)
  3 deep elf master archers (Elf:3)
  2 sphinxes
  A death cob (Zot:3)
  2 tentacled starspawn (Abyss:2)
  An Executioner (D:12)
  Kirke (Elf:1)
  Frances (D:12)
  4 tengu reavers
  5 shadow dragons
  Aizul (Snake:1)
  Donald (Snake:1)
  6 storm dragons
  3 draconian knights
  3 draconian monks
  2 iron dragons
  7 nagarajas
  3 draconian shifters
  10 fire giants
  12 vault wardens
  5 orc warlords
  5 frost giants
  9 deep elf sorcerers
  3 deep elf elementalists (Elf:3)
  Louise (Snake:1)
  A draconian scorcher (Zot:2)
  3 draconian annihilators
  3 draconian stormcallers
  4 spectral caustic shrikes (Depths:1)
  A cacodemon (Depths:3)
  18 stone giants
  5 spriggan defenders
  14 ironbound preservers
  A reaper (Depths:4)
  A formless jellyfish (Vaults:1)
  13 very ugly things
  6 ironbound thunderhulks
  8 green draconians
  A vampire knight (Depths:1)
  11 deep elf demonologists
  6 black draconians
  4 yellow draconians
  11 deep elf annihilators
  A bunyip (shapeshifter) (WizLab)
  6 deep elf death magi
  A spark wasp (Depths:4)
  5 dire elephants
  The ghost of AzureDraco the Basher, a journeyman DsGl of Trog (Lair:4)
  A spark wasp (shapeshifter) (Depths:4)
  6 white draconians
  4 red draconians
  A lorocyproca (D:1)
  Snorg (D:14)
  A purple draconian (Zot:2)
  11 ettins
  4 merfolk impalers
  12 fire dragons
  2 crystal guardians (Vaults:1)
  3 merfolk javelineers
  Josephine (Lair:4)
  6 deep elf high priests
  2 entropy weavers (Vaults:3)
  12 yaktaur captains
  6 great orbs of eyes
  14 ironbound frosthearts
  8 ice dragons
  5 rakshasas
  31 vault guards
  4 salamander tyrants
  6 spriggan air magi
  A peacekeeper (Vaults:1)
  8 hydras
  Harold (Lair:2)
  2 ogre magi
  A catoblepas (D:13)
  A boulder beetle (D:15)
  3 anacondas
  A hell beast (Depths:2)
  4 satyrs
  5 merfolk avatars
  11 centaur warriors
  11 dancing weapons
  4 radroaches (WizLab)
  5 deep troll earth magi
  6 deep troll shamans
  3 hell hogs (Abyss:2)
  6 two-headed ogres
  2 vampire magi
  7 merfolk aquamancers
  7 tengu warriors
  The ghost of Snipperlap the Magician, a novice GnWn of Gozag (D:9)
  12 naga warriors
  Urug (Lair:2)
  A shock serpent (shapeshifter) (WizLab)
  An orc high priest (Orc:1)
  2 spriggan berserkers
  8 hell knights
  2 sun demons
  A titan skeleton (Depths:3)
  9 naga sharpshooters
  9 deep elf knights
  Nergalle (Lair:2)
  Amaemon (Lair:2)
  A soul eater (Snake:1)
  6 shock serpents
  A wretched star (Abyss:2)
  7 iron trolls
  6 skysharks
  10 sea snakes
  3 sixfirhies
  A fire crab (shapeshifter) (Vaults:5)
  A skyshark (shapeshifter) (WizLab)
  35 deep trolls
  A deep troll (shapeshifter) (WizLab)
  6 glowing orange brains
  4 salamander mystics (Snake:4)
  6 naga ritualists
  4 mana vipers
  A glowing orange brain (shapeshifter) (WizLab)
  17 ironbound convokers
  2 sea snakes (shapeshifter) (WizLab)
  A swamp dragon (shapeshifter) (WizLab)
  7 arcanists
  A mana viper (shapeshifter) (WizLab)
  2 obsidian statues
  A flayed ghost (Vaults:5)
  Pikel (D:7)
  A lindwurm (Lair:5)
  7 phantasmal warriors
  A steelbarb worm (shapeshifter) (WizLab)
  9 deep elf archers
  21 deep elf pyromancers
  27 harpies
  2 lindwurms (shapeshifter)
  10 necromancers
  15 orc knights
  4 cyclopes
  25 deep elf zephyrmancers
  4 orc sorcerers
  18 fauns
  39 ugly things
  9 salamanders
  14 manticores
  17 elephants
  A moth of wrath (shapeshifter) (WizLab)
  A faun (shapeshifter) (WizLab)
  Maurice (Orc:2)
  A black mamba (shapeshifter) (D:13)
  24 naga magi
  5 kobold blastminers
  5 merfolk sirens
  A toenail golem (D:4)
  A water nymph (shapeshifter) (WizLab)
  An ice statue (IceCv)
  8 moths of wrath
  3 orange demons
  A torpor snail (shapeshifter) (WizLab)
  A torpor snail (Lair:3)
  17 black mambas
  6 water nymphs
  2 molten gargoyles (Lair:5)
  20 vault sentinels
  A smoke demon (Depths:2)
  2 gargoyles
  10 large abominations
  2 kobold demonologists
  7 cane toads
  An unseen horror (D:11)
  5 freezing wraiths
  20 yaktaurs
  4 anaconda simulacra (IceCv)
  3 rime drakes
  An efreet (D:1)
  6 tengu conjurers
  13 komodo dragons
  3 tormentors
  A queen bee (shapeshifter) (D:14)
  12 ice devils (IceCv)
  A hornet (Depths:3)
  23 merfolk
  A wind drake (shapeshifter) (WizLab)
  5 snapping turtles
  5 wind drakes
  3 polar bears
  4 raiju
  14 dream sheep
  5 trolls
  3 glass eyes (shapeshifter)
  2 snapping turtles (shapeshifter)
  6 glass eyes
  A frost giant simulacrum (Depths:3)
  A stone giant simulacrum (Vaults:2)
  10 blink frogs
  4 spriggans
  A vampire (D:12)
  An air elemental (Elf:1)
  6 wraiths
  18 humans (D:14)
  3 shadows
  51 yaks
  15 slime creatures
  A culicivora (shapeshifter) (Depths:2)
  A centaur simulacrum (D:14)
  A dire elephant simulacrum (IceCv)
  A hog (Elf:1)
  14 water elementals
  6 fire elementals
  5 wyverns (Lair:5)
  Grum (D:8)
  7 basilisks
  4 death yak simulacra (IceCv)
  16 vampire mosquitoes
  9 wargs
  3 redbacks (Vaults:3)
  An iron golem (WizLab)
  4 steam dragons
  22 nagas
  A chaos spawn (Abyss:2)
  A neqoxec (D:9)
  An acid dragon (shapeshifter) (WizLab)
  7 small abominations
  A swamp worm (shapeshifter) (WizLab)
  An acid dragon (D:11)
  6 hell hounds
  16 water moccasins
  3 hydra simulacra (IceCv)
  A human skeleton (Depths:3)
  48 orc warriors
  2 sky beasts
  2 human zombies (Vaults:2)
  2 black bears (Lair:1)
  A laughing skull (Abyss:2)
  6 wolves
  5 boggarts (Vaults:1)
  7 ogres
  15 centaurs
  6 phantoms
  A weeping skull (Abyss:3)
  5 elf zombies
  8 bullfrogs
  6 cane toad simulacra (IceCv)
  4 earth elementals
  9 scorpions
  8 wights
  A glowing shapeshifter simulacrum (Depths:3)
  A two-headed ogre simulacrum (IceCv)
  6 killer bees
  2 elephant simulacra (IceCv)
  9 electric eels
  2 howler monkeys (D:9)
  2 bombardier beetles
  3 quasits (D:9)
  6 lava snakes
  A jelly (D:8)
  A hound (D:5)
  19 orc priests
  A gnoll bouda (D:7)
  3 sleepcaps
  4 iguanas
  35 orc wizards
  A troll simulacrum (IceCv)
  6 polar bear simulacra (IceCv)
  A spriggan simulacrum (IceCv)
  2 wolf simulacra (IceCv)
  6 gnolls
  5 adders
  A naga simulacrum (IceCv)
  16 white imps
  2 ufetubi
  3 ribbon worms
  The ghost of paps the Sneak, a weakling TrDe (D:5)
  3 dart slugs
  109 orcs
  7 ball pythons
  4 bats
  7 endoplasms
  6 giant cockroaches
  19 goblins
  16 hobgoblins
  A jackal (D:3)
  6 quokkas
  A frilled lizard (D:1)
  11 kobolds
  3 rats
  2 butterflies (D:10)
  2 starspawn tentacles (Abyss:2)
1865 creatures vanquished.

Vanquished Creatures (collateral kills)
  Mennas (Depths:4)
  Boris (Depths:2)
  Rupert (D:13)
  Zenata (Vaults:4)
  Asterion (Vaults:1)
  A vault guard (Vaults:3)
  A spriggan air mage (Depths:4)
  A merfolk avatar (Shoals:3)
  A satyr (Shoals:4)
  3 harpies
  A faun (Shoals:3)
  Joseph (D:7)
  A yaktaur (Vaults:3)
  A water elemental (Shoals:4)
  A naga (Lair:2)
  2 orc warriors (Bailey)
  A gnoll sergeant (D:7)
  A scorpion (D:6)
  An orc priest (D:6)
  8 gnolls
  2 ufetubi (D:6)
  An orc (Bailey)
33 creatures vanquished.

Vanquished Creatures (others)
  A very ugly thing (Depths:1)
  A red draconian (Zot:4)
  A moth of wrath (Zot:4)
  A golden eye (shapeshifter) (WizLab)
  2 starspawn tentacles (Abyss:2)
6 creatures vanquished.

Grand Total: 1904 creatures vanquished

Notes
Turn   | Place    | Note
-------+----------+-------------------------------------------
     0 | D:1      | EnegeticOcto the Deep Elf Monk began the quest for the Orb.
     0 | D:1      | Reached XP level 1. HP: 13/13 MP: 3/3
    81 | D:1      | Reached skill level 1 in Stealth
   198 | D:2      | Reached skill level 2 in Stealth
   224 | D:2      | Identified the +0 leather armour of Music {rElec rPois
                  | Dex+3}
   244 | D:2      | Found Setos's Assorted Antiques.
   257 | D:2      | Reached XP level 2. HP: 14/18 MP: 4/4
   300 | D:2      | Found a sparkling altar of Nemelex Xobeh.
   306 | D:2      | Became a worshipper of Nemelex Xobeh the Trickster
   306 | D:2      | Reached * piety under Nemelex Xobeh
   306 | D:2      | Received a gift from Nemelex Xobeh
   306 | D:2      | Reached ** piety under Nemelex Xobeh
   450 | D:1      | Reached skill level 3 in Stealth
   740 | D:1      | Reached skill level 1 in Invocations
   740 | D:1      | Reached XP level 3. HP: 22/22 MP: 5/5
  1227 | D:2      | Found a faded altar of an unknown god.
  1323 | D:2      | Bought a scroll labelled MEBLES TANEOSM for 23 gold pieces
  1443 | D:2      | Reached skill level 2 in Invocations
  1450 | D:2      | Reached skill level 3 in Fighting
  1519 | D:2      | Reached XP level 4. HP: 28/28 MP: 7/7
  1969 | D:3      | Reached skill level 1 in Ranged Weapons
  1984 | D:3      | Reached skill level 4 in Dodging
  2360 | D:3      | Noticed Jessica
  2375 | D:3      | Reached XP level 5. HP: 32/32 MP: 8/8
  2695 | D:3      | Noticed a phantom
  2886 | D:3      | Reached skill level 2 in Ranged Weapons
  2981 | D:3      | Received a gift from Nemelex Xobeh
  3019 | D:3      | Jessica changed into Jessica the jackal
  3019 | D:3      | Noticed Jessica
  3024 | D:3      | Killed Jessica the jackal
  3028 | D:3      | Killed a phantom
  3256 | D:4      | Reached skill level 3 in Ranged Weapons
  3256 | D:4      | Reached skill level 5 in Dodging
  3256 | D:4      | Reached XP level 6. HP: 38/38 MP: 9/9
  3412 | D:4      | Reached skill level 4 in Fighting
  3412 | D:4      | Reached skill level 4 in Ranged Weapons
  3890 | D:5      | Entered Level 5 of the Dungeon
  3915 | D:5      | Reached skill level 5 in Ranged Weapons
  3985 | D:4      | Reached skill level 6 in Ranged Weapons
  3985 | D:4      | Reached XP level 7. HP: 37/43 MP: 10/10
  4204 | D:5      | Reached skill level 7 in Ranged Weapons
  4381 | D:5      | Reached *** piety under Nemelex Xobeh
  4472 | D:5      | Identified the +1 great mace "Ihojuqun" {antimagic, Int+6
                  | Dex-2}
  4474 | D:5      | Found a transporter.
  4474 | D:5      | Noticed paps's ghost (weakling TrDe)
  4758 | D:6      | Found a staircase to the Ecumenical Temple.
  4771 | D:6      | Reached skill level 3 in Invocations
  4773 | D:6      | Reached skill level 8 in Ranged Weapons
  4813 | D:6      | Found a stormy altar of Qazlal.
  4863 | D:6      | Noticed a steam dragon
  5288 | D:6      | Reached XP level 8. HP: 48/48 MP: 12/12
  5545 | D:6      | Reached skill level 4 in Invocations
  5555 | D:6      | Reached skill level 9 in Ranged Weapons
  5747 | D:6      | Received a gift from Nemelex Xobeh
  5817 | D:7      | Noticed Pikel
  5929 | D:7      | Reached skill level 5 in Invocations
  5944 | D:7      | Killed Pikel
  5945 | D:7      | Reached skill level 11 in Ranged Weapons
  6422 | D:7      | Noticed Joseph
  6432 | D:7      | Killed Joseph
  6433 | D:7      | Reached skill level 12 in Ranged Weapons
  6433 | D:7      | Reached XP level 9. HP: 42/52 MP: 14/14
  6675 | D:7      | Reached skill level 13 in Ranged Weapons
  7028 | D:8      | Noticed Grum
  7066 | D:8      | Identified a scroll of acquirement
  7067 | D:8      | Acquired 660 gold pieces
  7168 | D:8      | Reached **** piety under Nemelex Xobeh
  7246 | D:8      | Found Gaugol Hinu's Distillery.
  7254 | D:8      | Bought a potion of curing for 36 gold pieces
  7300 | D:8      | Found a flagged portal.
  7330 | Bailey   | Entered a bailey
  7699 | Bailey   | Reached skill level 14 in Ranged Weapons
  8272 | Bailey   | Reached skill level 5 in Fighting
  9182 | Bailey   | Acquired 712 gold pieces
  9363 | Bailey   | Noticed a kobold demonologist
  9401 | Bailey   | Killed a kobold demonologist
  9402 | Bailey   | Reached XP level 10. HP: 52/60 MP: 15/15
 10062 | Bailey   | Reached skill level 6 in Fighting
 10062 | Bailey   | Reached skill level 15 in Ranged Weapons
 10602 | Bailey   | Found an iron altar of Okawaru.
 10771 | Bailey   | Noticed an orc sorcerer
 11385 | D:8      | Found a burning altar of Makhleb.
 11385 | D:8      | Found a shadowy altar of Dithmenos.
 11669 | D:8      | Found an ancient bone altar of Kikubaaqudgha.
 11882 | D:8      | Found a bloodstained altar of Trog.
 12343 | D:8      | Found a sacrificial altar of Ru.
 12776 | D:8      | Killed Grum
 13235 | D:6      | Reached skill level 7 in Fighting
 13735 | D:9      | Reached skill level 16 in Ranged Weapons
 14592 | D:9      | Found a transporter.
 14894 | D:2      | Bought the +8 longbow "Zephyr" {speed, Dex+3 SInv} for 1771
                  | gold pieces
 14894 | D:2      | Found the +8 longbow "Zephyr" {speed, Dex+3 SInv}
 15053 | D:5      | Found a transporter.
 15425 | D:9      | Found a transporter.
 15436 | D:9      | Noticed Snipperlap's ghost (novice GnWn)
 15544 | D:9      | Noticed a two-headed ogre
 15548 | D:9      | Killed a two-headed ogre
 15838 | D:9      | Reached XP level 11. HP: 68/68 MP: 16/16
 16137 | D:10     | Entered Level 10 of the Dungeon
 16151 | D:10     | Found a radiant altar of Vehumet.
 16285 | D:10     | Learned a level 4 spell: Cause Fear
 16341 | D:10     | Reached skill level 8 in Fighting
 16526 | D:10     | Found an ornate altar of the Wu Jian Council.
 16539 | D:10     | Found a runed translucent door.
 16541 | D:10     | Found a runed translucent door.
 16592 | D:10     | Received a gift from Nemelex Xobeh
 16592 | D:10     | Found a staircase to the Lair.
 16869 | D:10     | Reached skill level 6 in Dodging
 16884 | D:10     | Reached skill level 17 in Ranged Weapons
 16889 | D:10     | Found a hazy altar of Hepliaklqana.
 17071 | Lair:1   | Entered Level 1 of the Lair of Beasts
 17242 | Lair:1   | Reached skill level 7 in Dodging
 17254 | Lair:1   | Noticed a skyshark
 17831 | Lair:1   | Killed a skyshark
 17923 | Lair:1   | Reached skill level 9 in Fighting
 17956 | Lair:1   | Reached skill level 8 in Dodging
 18289 | Lair:2   | Received a gift from Nemelex Xobeh
 18295 | Lair:2   | Reached skill level 18 in Ranged Weapons
 18438 | Lair:2   | Noticed Amaemon
 18473 | Lair:2   | Killed Amaemon
 18474 | Lair:2   | Reached XP level 12. HP: 76/76 MP: 17/17
 18512 | Lair:2   | Reached skill level 9 in Dodging
 18580 | Lair:2   | Reached ***** piety under Nemelex Xobeh
 18586 | Lair:2   | Found a staircase to the Shoals.
 18774 | Lair:2   | Noticed Nergalle
 18789 | Lair:2   | Killed Nergalle
 18852 | Lair:2   | Received a gift from Nemelex Xobeh
 18889 | Lair:2   | Found a staircase to the Snake Pit.
 18893 | Lair:2   | Noticed Harold
 18900 | Lair:2   | Killed Harold
 19239 | Lair:3   | Noticed a six-headed hydra
 19272 | Lair:3   | Killed a six-headed hydra
 19273 | Lair:3   | Reached skill level 10 in Fighting
 19384 | Lair:3   | Reached skill level 10 in Dodging
 19430 | Lair:3   | Reached skill level 4 in Stealth
 19525 | Lair:3   | Reached skill level 19 in Ranged Weapons
 19530 | Lair:3   | Noticed a seven-headed hydra
 19538 | Lair:3   | Killed a seven-headed hydra
 19539 | Lair:3   | Reached skill level 5 in Stealth
 19842 | Lair:3   | Received a gift from Nemelex Xobeh
 19992 | Lair:3   | Noticed a fire dragon
 20179 | Lair:4   | Reached skill level 6 in Stealth
 20265 | Lair:4   | Reached XP level 13. HP: 83/83 MP: 18/18
 20359 | Lair:4   | Reached skill level 11 in Fighting
 20363 | Lair:4   | Found a shimmering blue altar of Sif Muna.
 20406 | Lair:4   | Found a runed translucent gate.
 20407 | Lair:4   | Found a runed translucent gate.
 20408 | Lair:4   | Found a runed translucent gate.
 20410 | Lair:4   | Noticed AzureDraco's ghost (journeyman DsGl)
 20502 | Lair:4   | Noticed Josephine
 20507 | Lair:4   | Killed Josephine
 20508 | Lair:4   | Reached skill level 20 in Ranged Weapons
 21003 | Lair:5   | Entered Level 5 of the Lair of Beasts
 21129 | Lair:5   | Reached skill level 12 in Fighting
 21277 | Lair:5   | Received a gift from Nemelex Xobeh
 21326 | Lair:5   | Found a staircase to the Slime Pits.
 21382 | Lair:5   | Reached skill level 13 in Fighting
 21401 | Lair:5   | Reached skill level 1 in Armour
 21627 | Lair:5   | Received a gift from Nemelex Xobeh
 21992 | Lair:5   | Noticed a fire dragon
 21993 | Lair:5   | Found a large runed translucent door.
 22008 | Lair:5   | Reached skill level 2 in Armour
 22073 | Lair:5   | Reached XP level 14. HP: 94/94 MP: 19/19
 22090 | Lair:5   | Reached ****** piety under Nemelex Xobeh
 22193 | Lair:5   | Found a large runed translucent door.
 22686 | D:11     | You fall into a shaft and drop 1 floor!
 22833 | D:12     | Found a frozen archway.
 22843 | D:12     | Reached skill level 3 in Armour
 22850 | IceCv    | Entered an ice cave
 23090 | IceCv    | Reached skill level 11 in Dodging
 23964 | IceCv    | Found an ancient bone altar of Kikubaaqudgha.
 25071 | IceCv    | Identified the ring of Mistrust {rPois rN+}
 25214 | D:11     | Received a gift from Nemelex Xobeh
 25286 | D:11     | Learned a level 2 spell: Blink
 25331 | D:11     | Reached skill level 4 in Armour
 25355 | D:11     | Reached skill level 1 in Translocations
 25645 | D:5      | Killed paps's ghost
 25892 | D:9      | Killed Snipperlap's ghost
 26317 | D:12     | Found a staircase to the Orcish Mines.
 26384 | D:12     | Reached skill level 2 in Translocations
 26403 | D:12     | Noticed Frances
 26485 | D:12     | Noticed Sonja
 26486 | D:12     | Sonja changed into Sonja the scorpion
 26486 | D:12     | Noticed Sonja
 26487 | D:12     | Killed Sonja the scorpion
 26702 | Orc:1    | Entered Level 1 of the Orcish Mines
 26702 | Orc:1    | Received a gift from Nemelex Xobeh
 26916 | Orc:1    | Reached skill level 1 in Evocations
 27139 | Orc:1    | Reached skill level 12 in Dodging
 27147 | Orc:1    | Reached skill level 21 in Ranged Weapons
 27161 | Orc:1    | Found Feufe's Antique Weapon Shoppe.
 27303 | Orc:1    | Received a gift from Nemelex Xobeh
 27336 | Orc:1    | Reached skill level 3 in Translocations
 27549 | Orc:2    | Entered Level 2 of the Orcish Mines
 27557 | Orc:2    | Reached skill level 2 in Evocations
 27571 | Orc:2    | Noticed Jorgrun
 27633 | Orc:2    | Received a gift from Nemelex Xobeh
 27637 | Orc:2    | Noticed Maurice
 27645 | Orc:2    | Killed Maurice
 28354 | Orc:2    | Killed Jorgrun
 28423 | Orc:2    | Found Pasovuam's General Store.
 28482 | Orc:2    | Found a staircase to the Elven Halls.
 28491 | Orc:2    | Received a gift from Nemelex Xobeh
 28588 | Orc:2    | Reached skill level 4 in Translocations
 28588 | Orc:2    | Reached skill level 3 in Evocations
 28591 | Orc:2    | Reached XP level 15. HP: 86/100 MP: 20/20
 28792 | Orc:2    | Found Tuashroj's Jewellery Boutique.
 28792 | Orc:2    | Found Bainnustru's Distillery.
 28794 | Orc:2    | Found Pug Onua's Assorted Antiques.
 28796 | Orc:2    | Found Huzaushi's Distillery.
 28801 | Orc:2    | Bought a potion of heal wounds for 60 gold pieces
 28808 | Orc:2    | Bought 2 potions of enlightenment for 130 gold pieces
 28811 | Orc:2    | Bought a potion of cancellation for 96 gold pieces
 28811 | Orc:2    | Bought a potion of curing for 36 gold pieces
 28811 | Orc:2    | Bought a potion of curing for 36 gold pieces
 28811 | Orc:2    | Bought a potion of curing for 36 gold pieces
 28811 | Orc:2    | Bought a potion of haste for 120 gold pieces
 28811 | Orc:2    | Bought 2 potions of invisibility for 192 gold pieces
 28814 | Orc:2    | Bought a potion of curing for 39 gold pieces
 28814 | Orc:2    | Bought a potion of curing for 39 gold pieces
 28819 | Orc:2    | Bought a scroll of enchant armour for 247 gold pieces
 29030 | Orc:2    | Bought a scroll of identify for 28 gold pieces
 29030 | Orc:2    | Bought a scroll of teleportation for 42 gold pieces
 29030 | Orc:2    | Bought a potion of curing for 42 gold pieces
 29148 | D:13     | Reached skill level 14 in Fighting
 29153 | D:13     | Noticed Rupert
 29162 | D:13     | Killed Rupert
 29512 | D:13     | Received a gift from Nemelex Xobeh
 29684 | D:13     | Reached skill level 4 in Evocations
 30113 | D:14     | Identified the +1 pair of gloves of Rotini {Str+3 Int+2
                  | SInv}
 30306 | D:14     | Noticed Snorg
 30311 | D:14     | Killed Snorg
 30378 | D:14     | Received a gift from Nemelex Xobeh
 30389 | D:14     | Reached skill level 13 in Dodging
 30435 | D:14     | Reached skill level 5 in Evocations
 30632 | D:14     | Found a gate to the Vaults.
 31274 | D:15     | Entered Level 15 of the Dungeon
 31397 | D:15     | Received a gift from Nemelex Xobeh
 31460 | D:15     | Reached skill level 6 in Evocations
 31758 | D:15     | Reached skill level 22 in Ranged Weapons
 31822 | D:15     | Received a gift from Nemelex Xobeh
 31825 | D:15     | Identified the +0 helmet of the Cuttlefish {Rampage rElec
                  | Int-2}
 32183 | D:15     | Found a staircase to the Depths.
 32637 | Lair:4   | Killed AzureDraco's ghost
 32947 | Shoals:1 | Entered Level 1 of the Shoals
 32947 | Shoals:1 | Found Mufett's Book Shoppe.
 32958 | Shoals:1 | Reached skill level 14 in Dodging
 33299 | Shoals:1 | Reached skill level 1 in Spellcasting
 33338 | Shoals:1 | Found Moinemushre's Distillery.
 33349 | Shoals:1 | Found Kegez's General Store.
 33374 | Shoals:1 | Reached XP level 16. HP: 106/107 MP: 21/21
 33377 | Shoals:1 | Bought a scroll of blinking for 105 gold pieces
 33377 | Shoals:1 | Bought a scroll of enchant armour for 105 gold pieces
 33490 | Shoals:1 | Reached skill level 2 in Spellcasting
 33699 | Shoals:1 | Found Luf Moihe's Magic Scroll Shop.
 33712 | Shoals:1 | Bought a scroll of acquirement for 676 gold pieces
 33712 | Shoals:1 | Acquired 722 gold pieces
 33713 | Shoals:1 | Acquired 663 gold pieces
 33715 | Shoals:1 | Bought a scroll of blinking for 97 gold pieces
 33715 | Shoals:1 | Bought a scroll of summoning for 123 gold pieces
 33727 | Shoals:1 | Found Kodad's Antique Weapon Emporium.
 33814 | Shoals:2 | Reached skill level 3 in Spellcasting
 33865 | Shoals:2 | Received a gift from Nemelex Xobeh
 33899 | Shoals:2 | You fall into a shaft and drop 1 floor!
 34016 | Shoals:2 | Reached skill level 6 in Invocations
 34025 | Shoals:2 | Noticed Nikola
 34073 | Shoals:2 | Reached skill level 4 in Spellcasting
 34150 | Shoals:2 | Found a gateway to a bazaar.
 34163 | Bazaar   | Entered a bazaar
 34179 | Bazaar   | Found Qakk's Armour Emporium.
 34180 | Bazaar   | Found Vureink's General Store.
 34223 | Bazaar   | Found Yxucvoa's Assorted Antiques.
 34223 | Bazaar   | Found Kawn's Antique Armour Shoppe.
 34245 | Bazaar   | Bought a pitted ring mail for 117 gold pieces
 34245 | Bazaar   | Identified the +5 ring mail of Tenacity {Str+3} (You bought
                  | it in a shop in a bazaar)
 34264 | Bazaar   | Bought a scroll of blinking for 120 gold pieces
 34264 | Bazaar   | Bought a sack of spiders for 640 gold pieces
 34294 | Bazaar   | Bought a scroll of fear for 56 gold pieces
 34294 | Bazaar   | Bought a wand of charming (6) for 201 gold pieces
 34333 | Shoals:2 | Received a gift from Nemelex Xobeh
 34428 | Shoals:2 | Reached skill level 15 in Fighting
 34428 | Shoals:2 | Reached skill level 5 in Armour
 34498 | Shoals:2 | Found a runed translucent gate.
 34498 | Shoals:2 | Found a runed translucent gate.
 34499 | Shoals:2 | Found a runed translucent gate.
 34500 | Shoals:2 | Noticed ghhjgh's ghost (adept MiFi)
 34776 | Shoals:3 | Found a gateway to a bazaar.
 34817 | Shoals:3 | Reached skill level 5 in Spellcasting
 34899 | Shoals:3 | Received a gift from Nemelex Xobeh
 35208 | Shoals:4 | Entered Level 4 of the Shoals
 35235 | Shoals:4 | Reached skill level 7 in Invocations
 35344 | Shoals:4 | Received a gift from Nemelex Xobeh
 35353 | Shoals:4 | Identified the ring "Etoixkaku" {EV+5 Str+3}
 35822 | Shoals:4 | Reached skill level 6 in Spellcasting
 35822 | Shoals:4 | Identified the staff of the Eternal Warrior {Str+4 Dex+2
                  | Earth}
 35837 | Shoals:4 | Reached skill level 15 in Dodging
 36199 | Shoals:4 | Reached skill level 6 in Armour
 36575 | Shoals:4 | Reached skill level 8 in Invocations
 36696 | Shoals:4 | Got a barnacled rune of Zot
 36860 | Shoals:4 | Received a gift from Nemelex Xobeh
 36966 | Shoals:4 | Reached XP level 17. HP: 113/113 MP: 28/28
 36970 | Shoals:4 | Identified the -2 hand axe "Naychap" {holy, rPois Str+2}
 36978 | Shoals:4 | Reached skill level 9 in Invocations
 37191 | Shoals:4 | Identified the +1 plate armour of the Okapi {Str+2 Int+3
                  | SInv}
 37261 | Shoals:4 | Identified the +0 tower shield of Indomitability {rC- Will+
                  | Int+3}
 37430 | Snake:1  | Entered Level 1 of the Snake Pit
 37430 | Snake:1  | Noticed Louise
 37442 | Snake:1  | Killed Louise
 37485 | Snake:1  | Identified the +6 arbalest "Luxtu" {penet, rElec rN+ Int-3}
 37527 | Snake:1  | Received a gift from Nemelex Xobeh
 37662 | Snake:1  | Noticed Azrael
 37665 | Snake:1  | Azrael changed into Azrael the soul eater
 37665 | Snake:1  | Noticed Azrael
 37680 | Snake:1  | Killed Azrael the soul eater
 37680 | Snake:1  | Noticed Donald
 37686 | Snake:1  | Killed Donald
 37845 | Snake:1  | Reached skill level 10 in Invocations
 37852 | Snake:1  | Reached skill level 16 in Fighting
 38039 | Snake:1  | Identified the serpent talisman "Vigreoh" {rCorr Int+3
                  | Stlth+}
 38039 | Snake:1  | Noticed Aizul
 38083 | Snake:1  | Killed Aizul
 38242 | Snake:2  | Received a gift from Nemelex Xobeh
 38267 | Snake:2  | Found Qovyc's Antique Armour Shop.
 38288 | Snake:2  | Found Dokhilie's Jewellery Boutique.
 38288 | Snake:2  | Found Huom's Antique Armour Shop.
 38293 | Snake:2  | Bought a dazzling helmet for 313 gold pieces
 38293 | Snake:2  | Identified the +1 helmet of Wecegrule {rElec rN++ Dex+4}
                  | (You bought it in a shop on level 2 of the Snake Pit)
 38310 | Snake:2  | Found Luytelal's General Store.
 38576 | Snake:2  | Noticed Roxanne
 38651 | Snake:2  | Received a gift from Nemelex Xobeh
 39214 | Snake:3  | Reached skill level 16 in Dodging
 39283 | Snake:3  | Noticed Bai Suzhen
 39301 | Snake:3  | Killed Bai Suzhen
 39405 | Snake:3  | Received a gift from Nemelex Xobeh
 39498 | Snake:3  | Got the Vellum of the Blazing Undead
 39733 | Snake:4  | Entered Level 4 of the Snake Pit
 40006 | Snake:4  | Received a gift from Nemelex Xobeh
 40572 | Snake:4  | Reached skill level 17 in Dodging
 40706 | Snake:4  | Reached skill level 17 in Fighting
 40722 | Snake:4  | Reached XP level 18. HP: 117/123 MP: 29/29
 40906 | Snake:4  | Received a gift from Nemelex Xobeh
 41086 | Snake:4  | Got a serpentine rune of Zot
 41608 | D:12     | Killed Frances
 41717 | Elf:1    | Entered Level 1 of the Elven Halls
 41975 | Elf:1    | Reached skill level 18 in Dodging
 42131 | Elf:1    | Received a gift from Nemelex Xobeh
 42305 | Elf:1    | Noticed Kirke
 42313 | Elf:1    | Killed Kirke
 42536 | Elf:1    | Got the Elucidation of Sciomancy
 42774 | Elf:1    | Received a gift from Nemelex Xobeh
 42948 | Elf:2    | Found Atumoewi's Book Shop.
 43040 | Elf:2    | Reached skill level 19 in Dodging
 43158 | Elf:2    | Found a runed translucent gate.
 43158 | Elf:2    | Found a runed translucent gate.
 43158 | Elf:2    | Found a runed translucent gate.
 43477 | Elf:3    | Entered Level 3 of the Elven Halls
 43487 | Elf:3    | Reached skill level 18 in Fighting
 44527 | Abyss:2  | Cast into level 2 of the Abyss (a deep elf sorcerer)
 44555 | Abyss:2  | Found a corrupted altar of Lugonu.
 44555 | Abyss:2  | Found a corrupted altar of Lugonu.
 44555 | Abyss:2  | Found a corrupted altar of Lugonu.
 44562 | Abyss:2  | Received a gift from Nemelex Xobeh
 44854 | Abyss:2  | Received a gift from Nemelex Xobeh
 44884 | Abyss:2  | Noticed a bone dragon
 44968 | Elf:3    | Escaped the Abyss
 45563 | Elf:3    | Reached XP level 19. HP: 131/131 MP: 30/30
 45632 | Elf:3    | Identified the +9 dire flail of the Known World {heavy,
                  | *Noise Str+4}
 45720 | Elf:3    | Reached skill level 20 in Dodging
 46523 | Elf:3    | Identified the +6 hand axe "Aptunk" {venom, rPois rCorr
                  | Int+2}
 46604 | Elf:3    | Identified the ring of Ubihoin {Str+6 Slay+6}
 47046 | Elf:3    | Reached skill level 7 in Evocations
 47641 | Elf:3    | Identified the +0 gold dragon scales "Plog" {rPois rF+ rC+
                  | Str+6 Dex+3}
 47995 | Elf:3    | Identified the +1 giant spiked club "Kacak" {venom, rElec
                  | rPois rC++ Dex+3}
 48079 | Elf:3    | Identified the staff "Xyah Bup" {Dex+2 Conj Alchemy}
 48122 | Elf:3    | Received a gift from Nemelex Xobeh
 48649 | Bazaar   | Entered a bazaar
 48663 | Bazaar   | Found Kaess's Distillery.
 48697 | Bazaar   | Found Ybaec's Distillery.
 48713 | Bazaar   | Found Aptyf's Magic Scroll Emporium.
 48735 | Bazaar   | Found Yluph's Magic Scroll Emporium.
 48743 | Bazaar   | Bought a scroll of fear for 32 gold pieces
 48743 | Bazaar   | Bought a scroll of summoning for 76 gold pieces
 48743 | Bazaar   | Bought a scroll of fear for 32 gold pieces
 48743 | Bazaar   | Bought a scroll of enchant armour for 60 gold pieces
 48743 | Bazaar   | Bought a scroll of teleportation for 24 gold pieces
 48743 | Bazaar   | Bought a scroll of teleportation for 24 gold pieces
 48763 | Bazaar   | Bought a scroll of revelation for 120 gold pieces
 48763 | Bazaar   | Bought a scroll of teleportation for 48 gold pieces
 48763 | Bazaar   | Bought a scroll of teleportation for 48 gold pieces
 48763 | Bazaar   | Bought a scroll of fear for 64 gold pieces
 48778 | Bazaar   | Bought a potion of haste for 90 gold pieces
 48778 | Bazaar   | Bought a potion of resistance for 90 gold pieces
 48781 | Bazaar   | Bought a potion of invisibility for 72 gold pieces
 48811 | Bazaar   | Bought 2 potions of mutation for 176 gold pieces
 48811 | Bazaar   | Bought a potion of haste for 110 gold pieces
 48811 | Bazaar   | Bought a potion of mutation for 88 gold pieces
 48811 | Bazaar   | Bought a potion of curing for 33 gold pieces
 48811 | Bazaar   | Bought a potion of enlightenment for 55 gold pieces
 48828 | Shoals:3 | Gained mutation: Your flesh is heat resistant. (rF+)
                  | [potion of mutation]
 48828 | Shoals:3 | Gained mutation: Your body sometimes deteriorates upon
                  | taking damage. [potion of mutation]
 49166 | Vaults:1 | Entered Level 1 of the Vaults
 49254 | Vaults:1 | Received a gift from Nemelex Xobeh
 49517 | Vaults:1 | Reached skill level 8 in Evocations
 49722 | Vaults:1 | Reached skill level 23 in Ranged Weapons
 49909 | Vaults:1 | Found the brooch of Shielding {Spirit SH+8}
 50159 | Vaults:1 | Reached skill level 19 in Fighting
 50288 | Vaults:1 | Noticed Asterion
 50645 | Vaults:1 | Killed Asterion
 50926 | Vaults:1 | Received a gift from Nemelex Xobeh
 51129 | Vaults:2 | Reached skill level 21 in Dodging
 51138 | Vaults:2 | Reached skill level 9 in Evocations
 51223 | Vaults:2 | Reached XP level 20. HP: 139/139 MP: 32/32
 51305 | Vaults:2 | Reached skill level 7 in Spellcasting
 51783 | Vaults:2 | Reached skill level 8 in Spellcasting
 51891 | Vaults:2 | Received a gift from Nemelex Xobeh
 52538 | Vaults:2 | Reached skill level 10 in Evocations
 52855 | Vaults:3 | Received a gift from Nemelex Xobeh
 52968 | Vaults:3 | Reached skill level 9 in Spellcasting
 53278 | Vaults:3 | Received a gift from Nemelex Xobeh
 53387 | Vaults:3 | Identified the +6 quarterstaff of Absolution {freeze,
                  | +Blink rN+ Will++ Str-4}
 53448 | Vaults:3 | Reached skill level 24 in Ranged Weapons
 53496 | Vaults:3 | Found Ejudutec's Assorted Antiques.
 53584 | Vaults:3 | Bought a pair of translucent boots for 275 gold pieces
 53584 | Vaults:3 | Identified the +3 pair of boots of Good Intentions {+Blink
                  | Dex+3} (You bought it in a shop on level 3 of the Vaults)
 53662 | Vaults:3 | Found a staircase to the Crypt.
 53662 | Vaults:3 | Found an ancient bone altar of Kikubaaqudgha.
 53663 | Vaults:3 | Found a basalt altar of Yredelemnul.
 54249 | Vaults:4 | Identified the +2 robe "Ecoriak" {Dex+4}
 54249 | Vaults:4 | Noticed Boris
 54293 | Vaults:4 | Received a gift from Nemelex Xobeh
 54307 | Vaults:4 | Found a flickering gateway to a bazaar.
 54312 | Bazaar   | Entered a bazaar
 54312 | Bazaar   | Found Koqeegh's Armour Boutique.
 54312 | Bazaar   | Found Xips's Antique Weapon Shop.
 54312 | Bazaar   | Found Jadog's General Store.
 54312 | Bazaar   | Found Wiyck's Weapon Boutique.
 54329 | Bazaar   | Bought a scroll of teleportation for 30 gold pieces
 54329 | Bazaar   | Bought a scroll of teleportation for 30 gold pieces
 54401 | Vaults:4 | Reached skill level 10 in Spellcasting
 54451 | Vaults:4 | Reached skill level 11 in Evocations
 55114 | Vaults:4 | Noticed Zenata
 55135 | Vaults:4 | Killed Zenata
 55169 | Vaults:4 | Killed Boris
 55227 | Vaults:4 | Reached skill level 22 in Dodging
 55430 | Vaults:4 | Received a gift from Nemelex Xobeh
 55925 | Vaults:4 | Learned a level 1 spell: Apportation
 55932 | Vaults:4 | Learned a level 6 spell: Dispersal
 56187 | Depths:1 | Entered Level 1 of the Depths
 56202 | Depths:1 | Reached XP level 21. HP: 144/144 MP: 37/37
 56214 | Depths:1 | Reached skill level 11 in Spellcasting
 56570 | Depths:1 | Received a gift from Nemelex Xobeh
 56592 | Depths:1 | Reached skill level 12 in Evocations
 56741 | Depths:1 | Found a gateway to Hell.
 56971 | Depths:1 | Found a sacrificial altar of Ru.
 57116 | Depths:2 | Found a one-way gate leading to the halls of Pandemonium.
 57198 | Depths:2 | Reached skill level 12 in Spellcasting
 57225 | Depths:2 | Received a gift from Nemelex Xobeh
 57323 | Depths:2 | Identified the amulet "Nottaeticu" {Faith Dex+2}
 57418 | Depths:2 | Received a gift from Nemelex Xobeh
 57447 | Depths:2 | Identified the +3 robe "Nyxkiwne" {rN++}
 57447 | Depths:2 | Noticed Boris
 57452 | Depths:2 | Identified the +0 long sword "Worm" {speed, rF+}
 57460 | Depths:2 | Killed Boris
 57461 | Depths:2 | Reached skill level 25 in Ranged Weapons
 57876 | Depths:2 | Identified the +4 chain mail of Trial and Error {Harm
                  | +Blink +Inv Dex-3}
 58064 | Depths:3 | Found a one-way gate to the infinite horrors of the Abyss.
 58085 | Depths:3 | Identified the +4 robe of Youthful Indiscretion {rElec
                  | rCorr}
 58085 | Depths:3 | Noticed Boris
 58128 | Depths:3 | Killed Boris
 58153 | Depths:3 | Reached skill level 13 in Spellcasting
 58493 | Depths:3 | Received a gift from Nemelex Xobeh
 58549 | Depths:3 | Reached skill level 23 in Dodging
 59185 | Depths:3 | Received a gift from Nemelex Xobeh
 59896 | Depths:3 | Found a burning altar of Makhleb.
 60274 | Depths:4 | Entered Level 4 of the Depths
 60279 | Depths:4 | Found a magical portal.
 60291 | WizLab   | Entered Cigotuvi's Fleshworks
 60359 | WizLab   | Reached skill level 14 in Spellcasting
 60504 | WizLab   | Got Cigotuvi's Handbook of the Funereal Beaker
 60511 | WizLab   | Identified the flux talisman of the Heron {Str-5 Dex+3
                  | SInv}
 60639 | WizLab   | Received a gift from Nemelex Xobeh
 60683 | WizLab   | Reached XP level 22. HP: 149/149 MP: 42/42
 61118 | WizLab   | Found the +4 Cigotuvi's embrace {Corpsefed rMiasma ^Drain
                  | rN+}
 61192 | WizLab   | Reached skill level 26 in Ranged Weapons
 61324 | Depths:4 | Lost mutation: Your flesh is heat resistant. (rF+) [potion
                  | of mutation]
 61324 | Depths:4 | Lost mutation: Your body sometimes deteriorates upon taking
                  | damage. [potion of mutation]
 61324 | Depths:4 | Gained mutation: Your spells are a little harder to cast,
                  | but a little more powerful. [potion of mutation]
 61324 | Depths:4 | Gained mutation: You expend magic power (3 MP) to
                  | strengthen your wands. [potion of mutation]
 61324 | Depths:4 | Gained mutation: You have sharp toenails. [potion of
                  | mutation]
 61324 | Depths:4 | Gained mutation: You possess an exceptional clarity of
                  | mind. [potion of mutation]
 61325 | Depths:4 | Lost mutation: You expend magic power (3 MP) to strengthen
                  | your wands. [potion of mutation]
 61325 | Depths:4 | Lost mutation: Your spells are a little harder to cast, but
                  | a little more powerful. [potion of mutation]
 61325 | Depths:4 | Gained mutation: You occasionally lose the ability to read
                  | scrolls when taking damage. [potion of mutation]
 61326 | Depths:4 | Lost mutation: You possess an exceptional clarity of mind.
                  | [potion of mutation]
 61326 | Depths:4 | Lost mutation: You occasionally lose the ability to read
                  | scrolls when taking damage. [potion of mutation]
 61326 | Depths:4 | Gained mutation: You occasionally lose the ability to read
                  | scrolls when taking damage. [potion of mutation]
 61326 | Depths:4 | Gained mutation: You sometimes lose the ability to read
                  | scrolls when taking damage. [potion of mutation]
 61327 | Depths:4 | Lost mutation: You sometimes lose the ability to read
                  | scrolls when taking damage. [potion of mutation]
 61327 | Depths:4 | Lost mutation: You occasionally lose the ability to read
                  | scrolls when taking damage. [potion of mutation]
 61327 | Depths:4 | Gained mutation: You are agile. (Dex +4, Str/Int -1)
                  | [potion of mutation]
 61327 | Depths:4 | Gained mutation: You are strong-willed. (Will+) [potion of
                  | mutation]
 61327 | Depths:4 | Gained mutation: You expend magic power (3 MP) to
                  | strengthen your wands. [potion of mutation]
 61929 | Depths:4 | Received a gift from Nemelex Xobeh
 61980 | Depths:4 | Reached skill level 15 in Spellcasting
 62011 | Depths:4 | Found a gate to the Realm of Zot.
 62132 | Depths:4 | Found a one-way gateway to a ziggurat.
 62154 | Depths:4 | Noticed Mennas
 62155 | Depths:4 | Identified the +1 long sword of a Gauntlet {speed, *Rage
                  | Str+5}
 62169 | Depths:4 | Killed Mennas
 62203 | Depths:4 | Noticed the Enchantress
 62212 | Depths:4 | the Enchantress changed into the Enchantress the spark wasp
 62212 | Depths:4 | Noticed the Enchantress
 62213 | Depths:4 | Killed the Enchantress the spark wasp
 62490 | Depths:4 | Reached skill level 24 in Dodging
 62579 | Depths:4 | Received a gift from Nemelex Xobeh
 63145 | Orc:2    | Bought a ring of protection from cold for 325 gold pieces
 63448 | Vaults:5 | Entered Level 5 of the Vaults
 64235 | Vaults:5 | Identified the +6 leather armour of Morality {Fly Dex+2}
 64235 | Vaults:5 | Identified the amulet of Waleh {RegenMP rPois Str-4 Int+8}
 64249 | Vaults:5 | Received a gift from Nemelex Xobeh
 64256 | Vaults:5 | Identified the ring of Izun {Fly rCorr Stlth+}
 64269 | Vaults:5 | Reached skill level 16 in Spellcasting
 64307 | Vaults:5 | Noticed a dread lich
 64315 | Vaults:5 | Killed a dread lich
 64555 | Vaults:5 | Identified the +1 robe "Mezxolef" {+Blink Int+2}
 64686 | Vaults:5 | Identified the +3 sling of the Shining Light {freeze, rElec
                  | Will+ Int+2}
 64816 | Vaults:5 | Reached skill level 27 in Ranged Weapons
 64882 | Vaults:5 | Reached skill level 17 in Spellcasting
 65009 | Vaults:5 | Noticed a golden dragon
 65048 | Vaults:5 | Killed a golden dragon
 65152 | Vaults:5 | Noticed Margery
 65171 | Vaults:5 | Reached XP level 23. HP: 155/155 MP: 46/46
 65247 | Vaults:5 | Reached skill level 25 in Dodging
 65564 | Vaults:5 | Reached skill level 18 in Spellcasting
 65585 | Vaults:5 | Killed Margery
 65747 | Vaults:5 | Identified the +9 long sword "Eleraan" {heavy, rC+}
 65747 | Vaults:5 | Identified the ring "Jaoskalasi" {Fly rPois rC- Will-
                  | Dex+6}
 65781 | Vaults:5 | Identified the staff "Juruebb" {rElec rF+ Int+2 Fire}
 65924 | Vaults:5 | Received a gift from Nemelex Xobeh
 65928 | Vaults:5 | Got a silver rune of Zot
 65951 | Vaults:5 | Got the Octavo of the Reconfigured Deep Freeze
 65966 | Vaults:5 | Identified the staff of Teakhlett {rElec Int+4 Air}
 65968 | Vaults:5 | Got Sif Muna's Codex of Jinxing
 66041 | Vaults:5 | Found the +0 pair of fencer's gloves {Riposte Dex+3}
 66493 | Vaults:5 | Identified the ring "Moasch" {^Drain Fly rN++ Str+2 Slay+4}
 67452 | Vaults:3 | Bought a scroll of acquirement for 1508 gold pieces
 67452 | Vaults:3 | Acquired 889 gold pieces
 67903 | Shoals:1 | Bought a potion of resistance for 150 gold pieces
 67903 | Shoals:1 | Bought a potion of heal wounds for 75 gold pieces
 67993 | Snake:2  | Bought a potion of resistance for 160 gold pieces
 68037 | Lair:2   | Noticed Urug
 68040 | Lair:2   | Killed Urug
 68399 | Zot:1    | Entered Level 1 of the Realm of Zot
 68415 | Zot:2    | Reached skill level 19 in Spellcasting
 68477 | Zot:2    | Identified the +6 trident "Behur" {distort, Int+4}
 68529 | Zot:2    | Reached skill level 26 in Dodging
 69440 | Zot:4    | Reached skill level 20 in Spellcasting
 69557 | Zot:5    | Entered Level 5 of the Realm of Zot
 70901 | Zot:5    | Noticed a Killer Klown
 70901 | Zot:5    | Noticed an orb of fire
 70902 | Zot:5    | Noticed an orb of fire
 70902 | Zot:5    | Gained mutation: Your body sometimes deteriorates upon
                  | taking damage. [an orb of fire]
 70903 | Zot:5    | Noticed an orb of fire
 70904 | Zot:5    | Received a gift from Nemelex Xobeh
 70907 | Zot:5    | Got the Orb of Zot
 70926 | Zot:5    | Noticed a Killer Klown
 70927 | Zot:5    | Noticed a dread lich
 71019 | Zot:4    | Noticed Uqizxu's ghost (master OnFi)
 71115 | Depths:2 | Noticed Gicaw the pandemonium lord
 71334 | D:11     | Reached skill level 21 in Spellcasting
 71587 | D:1      | Reached XP level 24. HP: 148/160 MP: 47/50
 71590 | D:$      | Escaped with the Orb!

Illustrated notes

Levels and vault maps discovered:
D:1:      dpeg_arrival_concentric_ovals, layout_loops_ring
D:2:      layout_basic, serial_shops, nicolae_shop_trees, basic_altar,
          hellmonk_ecumenical_altar_blasted, minmay_hexomino_u4
D:3:      layout_loops_ring, uniq_jessica
D:4:      layout_loops_ring
D:5:      layout_loops_ring, gammafunk_ghost_smash
D:6:      minmay_angry_zag, layout_cave_pods, amcnicky_altar_gilded,
          minmay_temple_entry_proselytizer, minmay_ogre_servants
D:7:      layout_rooms, corexii_checkpoint, uniq_pikel, uniq_joseph
D:8:      layout_loops_corners, gammafunk_temple_overflow_claw,
          lemuel_doored_altar, mainiacjoe_overflow_brackets, serial_shops, shop,
          enter_bailey_2, uniq_grum
D:9:      layout_roguey, gammafunk_ghost_stat_death, special_room
          [special_room_orc], chequers_serial_rivers_large_b,
          kennysheep_generic_room_6
D:10:     lemuel_insect_pit, layout_basic, lemuel_crystal_altar,
          mainiacjoe_overflow_catwalk_spiral, david_lair_shrubbed
D:11:     layout_gridville
D:12:     layout_irregular_city, hiddenorc1_lemuel, portal_ice_cave_entry_imps,
          uniq_sonja, uniq_frances
D:13:     layout_loops_cross, nooodl_orcs_dogs, uniq_rupert
D:14:     layout_small_grid, grunt_vaults_entry_tiered, water_boxes_lemuel,
          uniq_snorg
D:15:     grunt_enter_depths_hoard, layout_long_grid, roderic_three_in_a_row,
          serial_rivers, chequers_serial_rivers_large_a,
          chequers_serial_rivers_room_b, chequers_serial_rivers_micro_e,
          chequers_serial_rivers_micro_c, chequers_serial_rivers_micro_a,
          nicolae_lava_and_water
Lair:1:   layout_loops_ring
Lair:2:   layout_chaotic_city, minmay_shoals_entry_centaurs,
          guppyfry_snake_entry_garden, uniq_amaemon, uniq_nergalle, uniq_harold,
          uniq_urug
Lair:3:   dragon1_lemuel, layout_cave_pods, lemuel_fruit_tree,
          grunt_megastairs_3
Lair:4:   layout_gridlike, ebering_ghost_rock_garden, basic_altar,
          grunt_megastairs_5, serial_bayou_shore_a, uniq_josephine
Lair:5:   cheibrodos_lair_end_hotspot, layout_regular_city, slime_entry_1
Shoals:1: layout_shoals, serial_shops, nicolae_book_shop_shelving,
          nicolae_shop_just_a_little_nook, shop, shop_fountains,
          nicolae_shop_gibbet_a_chance
Shoals:2: layout_shoals, gammafunk_ghost_split, serial_shops,
          bzr_entry_lakeside, uniq_nikola
Shoals:3: layout_shoals, serial_shops, statue_bzr
Shoals:4: shoals_end_grunt_garden, layout_shoals, nicolae_shoals_aquamancer_cove
Snake:1:  layout_misc_corridors, drop_trap, uniq_louise, uniq_donald,
          uniq_aizul, uniq_azrael
Snake:2:  layout_rooms, guppyfry_library_mini, minmay_shoptagon,
          serial_bayou_shore_b, uniq_roxanne
Snake:3:  layout_cave_town, uniq_bai_suzhen
Snake:4:  snake_pit, layout_cave_town
Orc:1:    layout_caves, serial_shops, nicolae_shop_tiny_glass,
          guppyfry_orc_lava_fort
Orc:2:    st_orc_rangers, layout_caves, serial_shops, nicolae_shop_tiny_glass,
          minmay_orc_keep, uniq_maurice, uniq_jorgrun
Elf:1:    elf_arrival_001, layout_gridlike, minmay_elf_necromancy,
          serial_sigils_hangedman_gnaw, uniq_kirke
Elf:2:    nicolae_elf_blades_splatter_lattice
          [nicolae_blade_entry_floor_patterns], layout_geoelf_octagon,
          serial_shops, shop_fountains
Elf:3:    nooodl_elf_gasket, layout_rooms
Vaults:1: nicolae_vaults_closet_pinwheel_4, v_pattern_2,
          ontoclasm_vaults_bender, nicolae_vaults_six-pack, v_misc_11,
          nicolae_vaults_little_squares_1, nicolae_vaults_statue_guard,
          v_misc_16, nicolae_vaults_frosty_reception,
          nicolae_vaults_circle_grid_b, nicolae_vaults_closet_pinwheel_3,
          layout_vaults_maze, uniq_asterion
Vaults:2: nicolae_vaults_mini_display_case, dpeg_vaults_monster_row,
          hangedman_vaults_trim, nicolae_vaults_closet_pinwheel_3,
          nicolae_vaults_house_2, v_alt_pattern_3, nicolae_vaults_apartment_2,
          nicolae_vaults_apartment_1, layout_vaults_quadrants
Vaults:3: nicolae_vaults_heart-shaped_vault, nicolae_vaults_circle_grid_b,
          nicolae_vaults_heist, serial_library_hellmonk_big_corner,
          minmay_crypt_entry_necro_gods, nicolae_vaults_tetromino_Z_2,
          ontoclasm_vaults_gateway, nicolae_vaults_security_offices_1,
          nicolae_vaults_surprise_closet, layout_vaults_chaotic_city,
          serial_shops, shop
Vaults:4: nicolae_vaults_little_squares_5, nicolae_vaults_house_2,
          vaults_room_door_hall, nicolae_vaults_tetromino_T_1,
          nicolae_vaults_trapezoid_1, nicolae_vaults_wine_cellar,
          ontoclasm_vaults_ring_small, nicolae_vaults_more_shelving_1,
          nicolae_vaults_storage_closets_1, vaults_dpeg_ring,
          ontoclasm_vaults_eye, nicolae_vaults_sealed_display,
          layout_vaults_omnicross, serial_shops, bzr_entry_road, uniq_zenata,
          uniq_boris
Vaults:5: uniq_margery
Depths:1: layout_basic, pf_hell_entry_tar_river, hangedman_ru_absence,
          grunt_megastairs_2
Depths:2: cell_vault, layout_gridlike, minmay_holes, serial_aquarium,
          aquarium_bridge_straight [aquarium_subvault_bridge,
          aquarium_subvault_wall, aquarium_subvault_bridge,
          aquarium_subvault_window], aquarium_bridge_straight
          [aquarium_subvault_bridge, aquarium_subvault_balcony,
          aquarium_subvault_bridge, aquarium_subvault_wall],
          aquarium_window_corner, aquarium_window_3, aquarium_view_2b,
          aquarium_balcony_5b, hell_entry, grunt_pan_entry_spiral,
          skrybe_limestone_x
Depths:3: regret_index_makhleb_lecture_halls, layout_gridlike,
          dk_noncrumbling_2, abyss_entry_glasseish, hell_entry,
          infiniplex_staircase_x, uniq_frederick
Depths:4: grunt_x_marks_the_spot, layout_basic, enter_ziggurat_e,
          grunt_pan_entry_zigzag, infiniplex_enter_wizlab_water,
          columned_hall_lemuel, hell_entry, uniq_mennas, uniq_enchantress
Zot:1:    layout_cathedral_of_symmetry
Zot:2:    layout_misc_corridors, st_small_dragon_hoard_2, zot_minivault_6,
          uniq_josephina
Zot:3:    layout_onion_interference
Zot:4:    hangedman_zot_vaults_quadrants, layout_concentric_octagons,
          hellmonk_ghost_happy_afterlife
Zot:5:    layout_basic

Skill      XL: |  1  2  3  4  5  6  7  8  9 10 11 12 13 14 15 16 17 18 19 20 21 22 23 |
---------------+----------------------------------------------------------------------+-----
Stealth        | 2 3 6 |  6.0
Invocations    | 1 2 3 5 8 10 | 10.0
Fighting       | 3 4 5 7 9 10 13 14 15 17 18 19 | 19.0
Ranged Weapons | 1 3 6 8 12 14 16 18 19 20 21 22 23 24 25 27 | 27.0
Dodging        | 4 5 8 10 12 14 15 17 19 21 22 23 24 26 | 26.9
Armour         | 2 4 6 |  6.0
Translocations | 4 |  4.0
Evocations     | 3 6 9 11 12 | 12.0
Spellcasting   | 1 6 10 14 17 21 | 21.2
Long Blades    | |  2.6

Action                     |  1- 3 |  4- 6 |  7- 9 | 10-12 | 13-15 | 16-18 | 19-21 | 22-24 || total
---------------------------+-------+-------+-------+-------+-------+-------+-------+-------++-------
  Melee: Rapier            |    38 |       |       |       |       |       |       |       ||    38
         Whip              |    29 |       |       |       |       |       |       |       ||    29
         Dagger            |    13 |    75 |     2 |       |       |       |       |       ||    90
         Longbow           |       |       |       |     2 |       |       |       |       ||     2
   Fire: Sling             |       |   116 |   391 |   254 |       |       |       |       ||   761
         Longbow           |       |       |       |   413 |  1344 |  1465 |  1894 |  1284 ||  6400
  Throw: Dart              |       |     2 |       |       |       |       |       |       ||     2
   Cast: Blink             |       |       |       |       |     1 |       |       |       ||     1
         Apportation       |       |       |       |       |       |       |       |     1 ||     1
 Invoke: Draw Destruction  |     1 |     8 |     8 |     3 |     1 |     4 |     6 |       ||    31
         Draw Summoning    |       |       |     5 |     1 |     1 |     6 |     7 |     3 ||    23
         Stack Five        |       |       |       |       |     1 |       |       |       ||     1
         Draw Stack        |       |       |       |       |       |       |     1 |     1 ||     2
         Deal Four         |       |       |       |       |       |       |       |     2 ||     2
  Evoke: Wand              |     1 |     3 |     1 |       |     1 |     8 |     7 |     3 ||    24
         Sack of spiders   |       |       |       |       |       |       |     2 |     1 ||     3
         Phial of floods   |       |       |       |       |       |       |     1 |       ||     1
    Use: Scroll            |     1 |     3 |     9 |     9 |     8 |     5 |    10 |    19 ||    64
         Potion            |       |       |     1 |     3 |     1 |     1 |     3 |    17 ||    26
   Stab: Sleeping          |     4 |     2 |       |       |       |       |       |       ||     6
         Distracted        |     1 |       |       |       |       |       |       |       ||     1
 Armour: Robe              |     3 |       |       |       |    40 |    26 |    12 |       ||    81
         Leather armour    |    33 |    55 |    74 |    75 |    17 |    55 |    85 |     3 ||   397
         Acid dragon scale |       |       |       |       |       |       |       |    41 ||    41
  Dodge: Dodged            |    48 |    69 |    64 |    79 |   202 |   350 |   316 |   270 ||  1398
  Block: Other             |       |       |       |       |       |       |    75 |    57 ||   132

Table legend: (Time is in decaauts)
 A = Elapsed time spent in this place.
 B = Non-inter-level travel time spent in this place.
 C = Inter-level travel time spent in this place.
 D = Time resting spent in this place.
 E = Time spent auto-exploring this place.
 F = Levels seen in this place.
 G = Mean time per level.
                   A        B        C        D        E       F      G
               +--------+--------+--------+--------+--------+-----+--------+
         Total |  68853 |  61033 |   7820 |  22578 |  27766 |  55 | 1251.9 |
       Dungeon |  20512 |  17046 |   3466 |   5645 |   7899 |  15 | 1367.5 |
          Lair |   6418 |   5211 |   1207 |    766 |   3604 |   5 | 1283.6 |
        Shoals |   4589 |   4163 |    426 |   1380 |   2064 |   4 | 1147.2 |
     Snake Pit |   3589 |   3378 |    211 |    431 |   2458 |   4 |  897.2 |
  Orcish Mines |   2417 |   2056 |    361 |    747 |   1003 |   2 | 1208.5 |
   Elven Halls |   5905 |   5642 |    263 |   3334 |   1771 |   3 | 1968.3 |
        Vaults |   9989 |   8925 |   1064 |   2347 |   5080 |   5 | 1997.8 |
        Depths |   5529 |   4839 |    690 |   1254 |   2745 |   4 | 1382.2 |
           Zot |   2505 |   2377 |    128 |   1750 |    293 |   5 |  501.0 |
         Abyss |    389 |    389 |      0 |     45 |     20 |   2 |  194.5 |
        Bazaar |    351 |    351 |      0 |      0 |    144 |   3 |  117.0 |
        Bailey |   3461 |   3461 |      0 |   2706 |    217 |   1 | 3461.0 |
      Ice Cave |   2254 |   2254 |      0 |   1826 |    241 |   1 | 2254.0 |
        Wizlab |    938 |    938 |      0 |    341 |    224 |   1 |  938.0 |
               +--------+--------+--------+--------+--------+-----+--------+

Top non-repeatable levels by time:
   Elf:3: 4185 daAuts
  Bailey: 3461 daAuts
Vaults:5: 2810 daAuts
     D:8: 2609 daAuts
     D:9: 2369 daAuts
Vaults:1: 2258 daAuts
   IceCv: 2254 daAuts
Depths:3: 1916 daAuts
     D:6: 1906 daAuts
Shoals:4: 1853 daAuts
Vaults:2: 1691 daAuts
Vaults:4: 1670 daAuts
    D:14: 1623 daAuts
  Lair:5: 1567 daAuts
  Lair:1: 1561 daAuts

Table legend:
 A = Kills in this place as a percentage of kills in the entire game.
 B = Kills by you in this place as a percentage of kills by you in the entire game.
 C = Kills by friends in this place as a percentage of kills by friends in the entire game.
 D = Other kills in this place as a percentage of other kills in the entire game.
 E = Experience gained in this place as a percentage of experience gained in the entire game.
 F = Experience gained in this place divided by the number of levels of this place that you have seen.
                   A       B       C       D       E      F
               +-------+-------+-------+-------+-------+----------------------
         Total | 100.0 | 100.0 | 100.0 | 100.0 | 100.0 | 17962.5
       Dungeon |  22.3 |  22.1 |  36.4 |   0.0 |   7.2 | 4743.4
          Lair |   9.5 |   9.7 |   3.0 |   0.0 |   5.8 | 11508.8
        Shoals |   7.5 |   7.4 |  15.2 |   0.0 |   7.7 | 19036.5
     Snake Pit |   6.7 |   6.9 |   0.0 |   0.0 |   8.0 | 19635.5
  Orcish Mines |   6.1 |   6.2 |   0.0 |   0.0 |   1.8 | 8681.0
   Elven Halls |   7.3 |   7.5 |   0.0 |   0.0 |  10.8 | 35532.3
        Vaults |  18.3 |  18.4 |  18.2 |   0.0 |  29.2 | 57741.0
        Depths |   9.5 |   9.5 |   9.1 |  25.0 |  15.9 | 39370.0
           Zot |   3.5 |   3.4 |   0.0 |  50.0 |   8.0 | 15799.8
         Abyss |   1.4 |   1.4 |   0.0 |   0.0 |   1.4 | 6795.0
        Bailey |   2.3 |   2.0 |  18.2 |   0.0 |   0.2 | 2255.0
      Ice Cave |   2.6 |   2.7 |   0.0 |   0.0 |   1.0 | 9658.0
        Wizlab |   2.8 |   2.8 |   0.0 |  25.0 |   3.0 | 29908.0
               +-------+-------+-------+-------+-------+----------------------
